 Dungeon Crawl Stone Soup version 0.29.1-2-gbd0b4ee654 (webtiles) character file.

Game seed: 8899366306898190971

33964 LustLizard the Marksspriggan (level 13, -14/57 HPs)
             Began as a Spriggan Hunter on Nov 30, 2022.
             Was a High Priest of Dithmenos.
             Engulfed by a cloud of freezing vapour (17 damage)
             ... in an ice cave.
             The game lasted 00:38:47 (17547 turns).

LustLizard the Marksspriggan (Spriggan Hunter)     Turns: 17547, Time: 00:38:47

Health: -14/57     AC:  7    Str:  7    XL:     13   Next: 39%
Magic:  0/14       EV: 37    Int: 11    God:    Dithmenos [*****.]
Gold:   444        SH:  0    Dex: 23    Spells: 8/12 levels left

rFire   . . .      SeeInvis +   M - +1 arbalest (venom)
rCold   . . .      Faith    .   (shield currently unavailable)
rNeg    . . .      Spirit   +   P - +0 troll leather armour
rPois   .          Reflect  .   F - +2 hat
rElec   .          Harm     .   e - +0 cloak
rCorr   .          Rampage  .   (gloves unavailable)
Will    +++..                   (boots unavailable)
Stlth   ++++++++..              u - amulet of guardian spirit
HPRegen 0.99/turn               x - ring of willpower
MPRegen 0.14/turn               T - ring of the Hare {EV+8}

@: wreathed by umbra, very quick
A: very small, no large weapons, unfitting armour, see invisible, speed 3
a: Renounce Religion, Shadow Step, Shadow Form


You were in an ice cave.
You worshipped Dithmenos.
Dithmenos was extremely pleased with you.
You visited 2 branches of the dungeon, and saw 14 of its levels.
You also visited: Ice Cave.

You collected 794 gold pieces.
You spent 350 gold pieces at shops.

Inventory:

Hand Weapons
 a - a +0 shortbow
 M - a +1 arbalest of venom (weapon)
Missiles
 N - 2 throwing nets
Armour
 c - a +0 robe
 e - a +0 cloak (worn)
 C - a +2 robe of resistance
 F - a +2 hat (worn)
 P - a +0 troll leather armour (worn)
Jewellery
 u - an amulet of guardian spirit (around neck)
 x - a ring of willpower (left hand)
 K - a ring of fire
 T - the ring of the Hare (right hand) {EV+8}
   (You found it on level 2 of the Lair of Beasts)

   [ring of evasion]

   EV:        It affects your evasion (+8).
Wands
 D - a wand of roots (7)
 E - a wand of light (12)
 Q - a wand of flame (53)
Scrolls
 b - a scroll of immolation
 g - 2 scrolls of fear {unknown}
 h - a scroll of fog {unknown}
 j - 2 scrolls of blinking {unknown}
 k - 3 scrolls of magic mapping {unknown}
 m - 4 scrolls of teleportation
 n - 2 scrolls of noise {unknown}
 v - 3 scrolls of enchant weapon
 w - 3 scrolls of poison
 y - a scroll of torment {unknown}
 A - a scroll of amnesia {unknown}
 H - 3 scrolls of brand weapon
 I - a scroll of enchant armour {unknown}
Potions
 d - 6 potions of degeneration
 f - a potion of invisibility
 l - 12 potions of curing
 o - 4 potions of brilliance
 p - 3 potions of lignification
 q - 2 potions of berserk rage
 r - 5 potions of might
 s - 4 potions of mutation
 t - 4 potions of heal wounds
 z - 3 potions of attraction
 B - 2 potions of haste
 G - a potion of resistance {unknown}
 J - 2 potions of cancellation
 L - a potion of ambrosia {unknown}
 O - 2 potions of flight
 U - a potion of magic {unknown}
Miscellaneous
 i - a condenser vane
 R - a tin of tremorstones (2/2)
 S - a phantom mirror


   Skills:
 - Level 1.5 Fighting
 * Level 17.3 Ranged Weapons
 + Level 13.3 Dodging
 - Level 10.8 Stealth
 * Level 5.3 Conjurations
 - Level 10.0 Translocations
 + Level 0.9 Evocations


You had 8 spell levels left.
You knew the following spells:

 Your Spells              Type           Power      Damage    Failure   Level
a - Iskenderun's Mystic   Conj/Tloc      16%        2d5       22%         4

Your spell library contained the following spells:

 Spells                   Type           Power      Damage    Failure   Level
 Static Discharge         Conj/Air       5%         3-4/arc   28%         2
 Freeze                   Ice            0%         1d3       47%         1
 Sandblast                Erth           0%         2d4       47%         1
 Stone Arrow              Conj/Erth      10%        3d7       50%         3
 Passwall                 Tmut/Erth      0%         N/A       63%         2
 Frozen Ramparts          Ice            0%         1d1       85%         3
 Fulminant Prism          Conj/Hex       2%         3d6       88%         4
 Hailstorm                Conj/Ice       5%         3d4       88%         4
 Anguish                  Hex/Necr       0%         N/A       99%         4
 Lightning Bolt           Conj/Air       2%         1d14      99%         5
 Lee's Rapid Deconstruct  Erth           0%         3d5*      100%        5
 Enfeeble                 Hex            0%         N/A       100%        7
 Maxwell's Capacitive Co  Air            0%         ∞         100%        8


Dungeon Overview and Level Annotations

Branches:
Dungeon (11/15)            Temple (0/1) D:6            Lair (3/5) D:11
  Swamp (0/4) Lair:2       Spider (0/4) Lair:2          Orc (0/2) D:10
  IceCv (1/1)

Altars:
Ashenzari
Cheibriados
Dithmenos
Elyvilon
Ru
Trog
Uskayaw
Vehumet
Wu Jian
Yredelemnul

Shops:
D:6 [*!(   D:9 (

Annotations:
D:10 exclusion: 2 doors, Maurice
D:11 exclusions: boulder beetle and manticore
Lair:2 Hiippo's ghost, journeyman DjTm


Innate Abilities, Weirdness & Mutations

You are very small and have problems with some larger weapons.
You are too small for most types of armour.
You have supernaturally acute eyesight. (SInv)
You cover ground extremely quickly. (Speed+++)


Message History

The bolt hits the ice statue but does no damage.
The ice statue is severely damaged.
Your shadow shoots a bolt.
The bolt hits the ice statue.
The ice statue gestures.
Fire: M) +1 arbalest (venom)
Press: ? - help, Q - select action, (/) - cycle Shift-Dir - straight line, f/p - ice statue
Aim: an ice statue (severely damaged, umbra, 94% to hit)
You shoot a bolt. The bolt hits the ice beast!
The ice beast is poisoned.
The ice beast is moderately wounded.
Your shadow shoots a bolt.
The bolt hits the ice beast!
The ice statue gestures at you.
The freezing blast engulfs the ice beast.
The ice beast completely resists.
The ice beast completely misses you.
Fire: M) +1 arbalest (venom)
Press: ? - help, Q - select action, (/) - cycle Shift-Dir - straight line, f/p - ice statue
Aim: an ice statue (freezing vapour, severely damaged, umbra, 94% to hit)
You shoot a bolt. The bolt closely misses the ice beast.
The bolt completely misses the ice statue.
You are engulfed in freezing vapours.
You emit a cloud of dark smoke.
The ice beast completely misses you.
Fire: M) +1 arbalest (venom)
Press: ? - help, Q - select action, (/) - cycle Shift-Dir - straight line, f/p - ice statue
Aim: an ice statue (freezing vapour, severely damaged, umbra, 94% to hit)
You shoot a bolt. The bolt hits the ice beast!
You kill the ice beast!
The ice beast disappears in a puff of smoke!
You are engulfed in freezing vapours.
Fire: M) +1 arbalest (venom)
Press: ? - help, Q - select action, (/) - cycle Shift-Dir - straight line, f/p - ice statue
Aim: an ice statue (freezing vapour, severely damaged, umbra, 94% to hit)
You shoot a bolt. The bolt hits the ice statue!!
You destroy the ice statue!
Dithmenos accepts your kill.
Your shadow shoots a bolt.
You are engulfed in freezing vapours.
* * * LOW HITPOINT WARNING * * *
You're standing in a cloud of freezing vapour!
You are engulfed in freezing vapours.
You die...

######## ########
#°°○@°°## ##......##
#.°°###°[####.....##..
#).° ##...#....######
##. ###....###≈≈≈≈≈ #
#######..##≈≈≈≈ #..#
##.####≈≈≈
#..#§#.#≈≈≈≈≈
#.§§###≈≈≈≈
###§§Y##≈≈≈


There were no monsters in sight!

Vanquished Creatures
  A dire elephant (Lair:2)
  2 hydras
  2 ironbound frosthearts (IceCv)
  An anaconda (Lair:2)
  An alligator (Lair:2)
  6 death yaks
  A harpy (shapeshifter) (D:11)
  An orc knight (D:10)
  2 cyclopes (D:11)
  A will-o-the-wisp (Lair:2)
  An ugly thing (D:11)
  A wolf spider (Lair:2)
  10 elephants
  An ice statue (IceCv)
  2 black mambas
  A torpor snail (Lair:2)
  4 cane toads
  Psyche (D:8)
  2 unseen horrors (D:6)
  2 komodo dragons
  3 polar bears (IceCv)
  A hornet (Lair:2)
  3 trolls (D:10)
  5 blink frogs (Lair:2)
  Sigmund (D:4)
  2 shadows
  3 wraiths
  2 wyverns
  A basilisk (D:11)
  32 yaks
  2 steam dragons
  4 vampire mosquitoes
  An acid dragon (D:8)
  6 water moccasins
  Duvessa (D:4)
  2 ice beasts (D:6)
  2 orc warriors
  3 sky beasts
  3 black bears
  An ogre (D:5)
  31 wolves
  4 centaurs
  A kobold brigand (D:8)
  A gnoll sergeant (D:10)
  9 bullfrogs
  2 scorpions (Lair:2)
  4 necrophages
  3 wights (D:8)
  Dowan (D:4)
  12 electric eels
  A howler monkey (D:9)
  A hound (D:5)
  3 jellies
  3 orc priests
  2 gnoll boudas
  An iguana (D:6)
  8 orc wizards
  Terence (D:2)
  11 gnolls
  8 adders
  2 shadow imps
  12 white imps (Lair:3)
  3 worms
  3 dart slugs
  23 orcs
  An endoplasm (D:3)
  2 giant cockroaches
  9 goblins
  4 hobgoblins
  6 jackals (D:2)
  11 kobolds
  5 quokkas
  3 training dummies (D:9)
  6 ball pythons
  6 bats
  5 frilled lizards
  5 rats
334 creatures vanquished.

Vanquished Creatures (others)
  6 foxfires (Lair:2)
  9 fungi
  37 plants
52 creatures vanquished.

Grand Total: 386 creatures vanquished

Notes
Turn   | Place    | Note
-------+----------+-------------------------------------------
     0 | D:1      | LustLizard the Spriggan Hunter began the quest for the Orb.
     0 | D:1      | Reached XP level 1. HP: 10/10 MP: 2/2
    59 | D:1      | Found a faded altar of an unknown god.
   402 | D:1      | Reached XP level 2. HP: 14/14 MP: 3/3
  1221 | D:2      | Found an ornate altar of the Wu Jian Council.
  1224 | D:2      | Reached XP level 3. HP: 18/18 MP: 4/4
  1367 | D:2      | Reached skill level 5 in Ranged Weapons
  1738 | D:2      | Noticed Terence
  1748 | D:2      | Killed Terence
  1749 | D:2      | Reached XP level 4. HP: 22/22 MP: 5/5
  2523 | D:3      | Found a bloodstained altar of Trog.
  2889 | D:3      | Found a shadowy altar of Dithmenos.
  2904 | D:3      | Became a worshipper of Dithmenos the Shadowed
  2914 | D:3      | Noticed a +0 short sword
  2917 | D:3      | Noticed a +0 dagger
  2918 | D:3      | Noticed a +0 falchion
  2918 | D:3      | Noticed a +0 falchion
  2919 | D:3      | Noticed a +0 short sword
  2921 | D:3      | Noticed a +0 spear
  2921 | D:3      | Noticed a +0 dagger
  2928 | D:3      | Noticed a +0 spear
  2933 | D:3      | Found a hide-covered altar of Uskayaw.
  3133 | D:4      | Noticed Sigmund
  3231 | D:4      | Noticed Dowan
  3257 | D:4      | Found a sacrificial altar of Ru.
  3278 | D:4      | Reached XP level 5. HP: 18/25 MP: 4/6
  3464 | D:4      | Reached skill level 6 in Ranged Weapons
  3464 | D:4      | Reached skill level 5 in Stealth
  3939 | D:4      | Noticed Duvessa
  4023 | D:5      | Entered Level 5 of the Dungeon
  4055 | D:5      | Reached XP level 6. HP: 30/30 MP: 7/7
  4211 | D:5      | Reached skill level 7 in Ranged Weapons
  4358 | D:5      | Reached XP level 7. HP: 29/33 MP: 6/8
  4515 | D:5      | Reached * piety under Dithmenos
  4630 | D:5      | Found a snail-covered altar of Cheibriados.
  4918 | D:5      | Reached skill level 8 in Ranged Weapons
  5087 | D:6      | Found a staircase to the Ecumenical Temple.
  5088 | D:6      | Found Ruasch's Assorted Antiques.
  5094 | D:6      | Bought a dark potion for 23 gold pieces
  5094 | D:6      | Bought 3 scrolls labelled ENOYDIG WOGAEMN for 78 gold
                  | pieces
  5094 | D:6      | Bought a scroll labelled NOFEJ YSAICHEFF for 26 gold pieces
  5113 | D:6      | Noticed an unseen horror
  5121 | D:6      | Killed an unseen horror
  5122 | D:6      | Reached XP level 8. HP: 27/37 MP: 6/9
  5161 | D:6      | Noticed an unseen horror
  5577 | D:6      | Reached skill level 9 in Ranged Weapons
  5650 | D:6      | Killed an unseen horror
  5927 | D:6      | Reached skill level 10 in Ranged Weapons
  5927 | D:6      | Reached skill level 10 in Stealth
  6087 | D:6      | Found Vasewnir's Antique Armour Emporium.
  6460 | D:6      | Found Keckemu's Weapon Shop.
  6680 | D:6      | Found Siempia's Distillery.
  6683 | D:6      | Bought a potion of haste for 110 gold pieces
  6683 | D:6      | Bought a potion of heal wounds for 55 gold pieces
  6809 | D:4      | Killed Sigmund
  6810 | D:4      | Reached XP level 9. HP: 26/41 MP: 6/10
  6975 | D:4      | Killed Duvessa
  7024 | D:4      | Killed Dowan
  7410 | D:7      | Reached ** piety under Dithmenos
  7556 | D:7      | Found a radiant altar of Vehumet.
  8044 | D:7      | Reached skill level 11 in Ranged Weapons
  8277 | D:8      | Found a broken altar of Ashenzari.
  8948 | D:8      | Reached skill level 5 in Dodging
  9222 | D:8      | Noticed Psyche
  9393 | D:9      | Reached skill level 12 in Ranged Weapons
  9777 | D:9      | Found a white marble altar of Elyvilon.
  9809 | D:9      | Found Veuq's Firing Range.
  9823 | D:9      | Reached XP level 10. HP: 46/46 MP: 11/11
  9827 | D:9      | Bought a +0 arbalest for 58 gold pieces
 10393 | D:10     | Entered Level 10 of the Dungeon
 10621 | D:10     | Reached *** piety under Dithmenos
 10791 | D:10     | Noticed Maurice
 11120 | D:10     | Reached skill level 13 in Ranged Weapons
 11148 | D:10     | Found a staircase to the Orcish Mines.
 11312 | D:10     | HP: 2/46 [electric eel/bolt of electricity (5)]
 12297 | D:11     | Noticed a boulder beetle
 12332 | D:11     | Found a staircase to the Lair.
 12372 | D:11     | Noticed a boulder beetle
 12425 | D:11     | Noticed a manticore
 12453 | D:11     | Noticed a brown ugly thing
 12505 | D:11     | Killed a brown ugly thing
 12629 | D:11     | Noticed a cyclops
 12635 | D:11     | Killed a cyclops
 12636 | D:11     | Reached skill level 14 in Ranged Weapons
 12649 | D:11     | Noticed a tengu warrior
 12776 | D:8      | Killed Psyche
 12909 | D:11     | Noticed a centaur warrior
 13063 | D:11     | Noticed a cyclops
 13063 | D:11     | Noticed an orc knight
 13121 | D:11     | Reached XP level 11. HP: 49/49 MP: 12/12
 13350 | D:11     | Reached **** piety under Dithmenos
 13354 | D:11     | Noticed a harpy
 13357 | D:11     | Killed a harpy
 13358 | D:11     | Reached skill level 10 in Dodging
 13459 | D:10     | Killed an orc knight
 13589 | Lair:1   | Entered Level 1 of the Lair of Beasts
 13697 | D:11     | Reached skill level 15 in Ranged Weapons
 13866 | Lair:1   | Noticed an eight-headed hydra
 13883 | Lair:1   | Killed an eight-headed hydra
 14768 | Lair:2   | Found a hole to the Spider Nest.
 14768 | Lair:2   | Noticed a wolf spider
 14773 | Lair:2   | Killed a wolf spider
 14774 | Lair:2   | Reached skill level 16 in Ranged Weapons
 14788 | Lair:2   | Learned a level 4 spell: Iskenderun's Mystic Blast
 14819 | Lair:2   | Reached skill level 1 in Translocations
 14842 | Lair:2   | Found a staircase to the Swamp.
 14985 | Lair:2   | Found a basalt altar of Yredelemnul.
 15161 | Lair:2   | Reached skill level 1 in Conjurations
 15173 | Lair:2   | Found a runed translucent door.
 15173 | Lair:2   | Noticed Hiippo's ghost (journeyman DjTm)
 15285 | Lair:2   | Reached XP level 12. HP: 53/53 MP: 13/13
 15489 | Lair:2   | Reached skill level 5 in Translocations
 15654 | Lair:2   | Noticed an alligator
 15655 | Lair:2   | Noticed an eight-headed hydra
 15670 | Lair:2   | Killed an alligator
 15718 | Lair:2   | Killed an eight-headed hydra
 15758 | Lair:2   | Noticed a death yak
 15788 | Lair:2   | Killed a death yak
 15859 | Lair:2   | Found the ring of the Hare {EV+8}
 15859 | Lair:2   | Noticed an anaconda
 15859 | Lair:2   | Noticed a dire elephant
 15972 | Lair:2   | Killed an anaconda
 15972 | Lair:2   | Reached ***** piety under Dithmenos
 16005 | Lair:2   | Killed a dire elephant
 16551 | Lair:3   | Found a frozen archway.
 16779 | IceCv    | Entered an ice cave
 16877 | IceCv    | Identified the +0 pair of boots of Filakel {rF+ SInv
                  | Stlth+}
 16903 | IceCv    | Noticed a death yak
 16904 | IceCv    | Noticed a death yak
 16908 | IceCv    | Killed a death yak
 16923 | IceCv    | Killed a death yak
 16924 | IceCv    | Reached skill level 17 in Ranged Weapons
 16924 | IceCv    | Reached XP level 13. HP: 57/57 MP: 12/14
 17223 | IceCv    | Reached skill level 5 in Conjurations
 17380 | IceCv    | Reached skill level 10 in Translocations
 17546 | IceCv    | HP: 2/57 [something (23)]
 17547 | IceCv    | Engulfed by a cloud of freezing vapour

Illustrated notes

Levels and vault maps discovered:
D:1:      minmay_arrival_nine_rooms, layout_basic,
          hellmonk_ecumenical_altar_run_dry
D:2:      wad_lake_hut, layout_basic, basic_altar, uniq_terence
D:3:      layout_rooms, nicolae_uskayaw_en_pointe, lemuel_round_altar,
          bloody_trog
D:4:      layout_loops_cross, nicolae_ru_great_annihilating_truth, uniq_duvessa,
          uniq_sigmund
D:5:      layout_rooms, slow_altar_1
D:6:      layout_basic, minmay_temple_entry_purple_smoke, serial_shops,
          nicolae_shop_stone, nicolae_shop_bloodbath_and_beyond,
          kennysheep_mini, nicolae_shop_overgrown_old_shop
D:7:      layout_basic, mainiacjoe_overflow_brackets
D:8:      layout_rooms, general_overflow_altar, uniq_psyche
D:9:      layout_big_octagon, mainiacjoe_overflow_surrounded_room,
          hangedman_decor_riveting, minivault_14, nicolae_shop_firing_range
D:10:     layout_basic, orc_0_dummy, nicolae_looking_at_the_future, uniq_maurice
D:11:     minmay_the_grid_4x2 [minmay_the_grid_minigrid_large,
          minmay_the_grid_pillar_ring, minmay_the_grid_aliased_spiral,
          minmay_the_grid_holed_spiral, minmay_the_grid_box_x,
          minmay_the_grid_minigrid_small, minmay_the_grid_stretched_grid,
          minmay_the_grid_prize_four_corners_diamond_b], layout_loops_ring,
          lair_entry_dummy
Lair:1:   layout_concentric_octagons
Lair:2:   layout_long_grid, minmay_swamp_entry_wisps, spider_nest_entry_rubble,
          hellmonk_ghost_happy_afterlife, basic_altar,
          nicolae_lair_lakeside_cave
Lair:3:   layout_regular_city, portal_ice_cave_entry_imps, uniq_rupert
IceCv:    ice_cave_caverns_02

Skill      XL: |  1  2  3  4  5  6  7  8  9 10 11 12 13 |
---------------+----------------------------------------+-----
Stealth        | 2 3 4 5 6 8 10 | 10.8
Ranged Weapons | 5 6 7 8 10 12 14 16 17 | 17.3
Dodging        | 6 9 11 12 13 | 13.3
Translocations | 2 8 10 | 10.0
Conjurations   | 1 4 5 |  5.3
Fighting       | |  1.5
Evocations     | |  0.9

Action                   |  1- 3 |  4- 6 |  7- 9 | 10-12 | 13-15 || total
-------------------------+-------+-------+-------+-------+-------++-------
 Fire: Shortbow          |   104 |   165 |   449 |     1 |       ||   719
       Arbalest          |       |       |       |   669 |   144 ||   813
  Use: Scroll            |       |     3 |     3 |    11 |       ||    17
       Potion            |       |       |     1 |       |       ||     1
Armor: Robe              |     6 |     8 |     8 |       |       ||    22
       Troll leather arm |       |       |       |    30 |     9 ||    39
Dodge: Dodged            |    33 |    53 |   163 |   494 |   125 ||   868
